 Dungeon Crawl Stone Soup version 0.25.1-8-g42b30a86e7 (webtiles) character file.

Game seed: 14839359351876427239

60 pokeman the Magician (level 3, 0/20 HPs)
             Began as a Deep Elf Wizard on Dec 15, 2020.
             Succumbed to an adder's poison
             ... on level 2 of the Dungeon.
             The game lasted 00:02:24 (1420 turns).

pokeman the Magician (Deep Elf Wizard)              Turns: 1420, Time: 00:02:24

Health: 0/20       AC:  2    Str:  4    XL:     3   Next: 82%
Magic:  4/11       EV: 13    Int: 23    God:
Gold:   47         SH:  0    Dex: 13    Spells: 1/12 levels left

rFire    . . .     SeeInvis .   (no weapon)
rCold    . . .     Gourm    .   (no shield)
rNeg     . . .     Faith    .   a - +0 robe
rPois    .         Spirit   .   b - +0 hat
rElec    .         Reflect  .   (no cloak)
rCorr    .         Harm     .   (no gloves)
MR       .....                  (no boots)
Stlth    ++........             (no amulet)
HPRegen  0.06/turn              (no ring)
MPRegen  0.12/turn              (no ring)

@: brilliant, lethally poisoned (0 -> -4)
A: no striking features
a: no special abilities


You were on level 2 of the Dungeon.
You were not hungry.

You visited 1 branch of the dungeon, and saw 2 of its levels.

You collected 47 gold pieces.

Inventory:

Armour
 a - a +0 robe (worn)
 b - a +0 hat (worn)
Scrolls
 c - 3 scrolls of identify {unknown}
 e - a scroll of teleportation {unknown}
 h - a scroll of noise {unknown}
Comestibles
 d - 5 rations


   Skills:
 + Level 1.0 Fighting
 + Level 1.1 Armour
 - Level 2.4 Dodging
 - Level 2.4 Stealth
 * Level 5.3 Spellcasting
 + Level 2.0 Conjurations
 - Level 1.1 Summonings
 - Level 1.1 Translocations


You had one spell level left.
You knew the following spells:

 Your Spells              Type           Power        Failure   Level  Hunger
a - Magic Dart            Conj           ###.         4%          1    None
b - Mephitic Cloud        Conj/Pois/Air  ##......     21%         3    None
c - Call Imp              Summ           ###.....     9%          2    None
d - Blink                 Tloc           N/A          9%          2    None
e - Conjure Flame         Conj/Fire      ###.....     19%         3    None

Your spell library contained the following spells:

 Spells                   Type           Power        Failure   Level  Hunger
 Slow                     Hex            #.......     14%         2    None


Dungeon Overview and Level Annotations

Branches:
Dungeon (2/15)

Altars:


Message History

Aim: an adder (asleep)
You feel a surge of power!
The magic dart hits the adder!
The adder is severely wounded.
The adder hisses angrily.
Casting: Magic Dart (safe; 4% risk of failure)
Confirm with . or Enter, or press ? or * to list all spells.
You can't see any susceptible monsters within range! (Use Z to cast anyway.) Unknown command.
* * * LOW HITPOINT WARNING * * *
You feel sick.
Casting: Magic Dart (safe; 4% risk of failure)
Confirm with . or Enter, or press ? or * to list all spells.
Aiming: Magic Dart (safe; 4% risk of failure)
Press: ? - help, Shift-Dir - straight line, f/p - adder
Aim: an adder (severely wounded)
You feel a surge of power!
The magic dart hits the adder.
You kill the adder!
Your Conjurations skill increases to level 2!
A giant cockroach comes into view.
You die...

#### ## #.. .# #
###### #.# ##.# ..#
......##.###..#.....
#.........@.......
#....<.###........
##...#.# ##......s
##.##... .#..... #.
##### ###...# # #.##
.# #


You could see a giant cockroach (wandering).

Vanquished Creatures
  3 adders
  2 oozes (D:1)
  2 dart slugs (D:1)
  A giant cockroach (D:1)
  A hobgoblin (D:1)
  3 jackals (D:1)
  4 kobolds (D:1)
  2 bats (D:1)
  2 frilled lizards (D:1)
  A goblin (D:1)
  3 rats (D:1)
24 creatures vanquished.

Notes
Turn   | Place    | Note
-------+----------+-------------------------------------------
     0 | D:1      | pokeman the Deep Elf Wizard began the quest for the Orb.
     0 | D:1      | Reached XP level 1. HP: 10/10 MP: 7/7
   269 | D:1      | Reached XP level 2. HP: 15/15 MP: 2/9
   621 | D:1      | Reached skill level 5 in Spellcasting
   968 | D:1      | Reached XP level 3. HP: 17/20 MP: 0/11
  1007 | D:1      | Learned a level 3 spell: Mephitic Cloud
  1010 | D:1      | Learned a level 2 spell: Call Imp
  1013 | D:1      | Learned a level 2 spell: Blink
  1017 | D:1      | Learned a level 3 spell: Conjure Flame
  1412 | D:2      | Reached skill level 1 in Fighting
  1412 | D:2      | Reached skill level 1 in Armour
  1417 | D:2      | HP: 1/20 [poisoned by an adder]
  1420 | D:2      | Succumbed to an adder's poison

Illustrated notes

Levels and vault maps discovered:
D:1:      mrwooster_arrival_statue_2, layout_rooms, minmay_tetromino_o4
D:2:      layout_loops_corners, uniq_sigmund

Skill      XL: |  1  2  3 |
---------------+----------+-----
Spellcasting   | 5 |  5.3
Fighting       | 1 |  1.0
Armour         | 1 |  1.1
Conjurations   | 2 |  2.0
Dodging        | |  2.4
Stealth        | |  2.4
Summonings     | |  1.1
Translocations | |  1.1

Action                   || total
-------------------------++-------
Melee: Unarmed           ||    18
 Cast: Magic Dart        ||    75
  Use: Potion            ||     1
  Eat: Chunk             ||     1
Armor: Robe              ||    16
Dodge: Dodged            ||    48
